 Dungeon Crawl Stone Soup version 0.30.0-29-ga12c61a403 (webtiles) character file.

Game seed: 524607449929104807

78 Graphine the Trooper (level 4, -1/40 HPs)
             Began as a Hill Orc Fighter on June 22, 2023.
             Slain by a cerulean imp
             ... wielding a +2 spear
             ... summoned by Natasha
              (4 damage)
             ... on level 2 of the Dungeon.
             The game lasted 00:03:42 (1782 turns).

Graphine the Trooper (Hill Orc Fighter)             Turns: 1782, Time: 00:03:43

Health: -1/40      AC:  7    Str: 20    XL:     4   Next: 36%
Magic:  5/5        EV: 14    Int:  8    God:
Gold:   108        SH:  4    Dex: 10    Spells: 3/3 levels left

rFire   . . .        a - +0 war axe
rCold   . . .        c - +0 buckler
rNeg    . . .        b - +0 scale mail
rPois   .            (no helmet)
rElec   .            (no cloak)
rCorr   .            (no gloves)
SInv    +            (no boots)
Will    .....        k - amulet of magic regeneration Stlth
                     f - +5 ring of evasion
HPRegen 0.26/turn    m - ring of see invisible
MPRegen 0.49/turn

%: no passive effects
@: mighty
A: no striking features
a: no special abilities


You were on level 2 of the Dungeon.
You visited 1 branch of the dungeon, and saw 2 of its levels.

You collected 108 gold pieces.

Inventory:

Hand Weapons
 a - a +0 war axe (weapon)
Missiles
 n - 2 boomerangs (quivered)
Armour
 b - a +0 scale mail (worn)
 c - a +0 buckler (worn)
 t - a +0 ring mail
Jewellery
 f - a +5 ring of evasion (left hand)
 k - an amulet of magic regeneration (around neck)
 m - a ring of see invisible (right hand)
Scrolls
 e - a scroll of fear {unknown}
 g - 4 scrolls of identify {unknown}
 h - 2 scrolls of immolation {unknown}
 j - a scroll of poison {unknown}
 p - a scroll of blinking {unknown}
Potions
 i - a potion of resistance {unknown}
 l - a potion of magic {unknown}
 o - a potion of attraction {unknown}
 q - a potion of flight {unknown}
 r - a potion of curing {unknown}
 s - a potion of ambrosia {unknown}


   Skills:
 + Level 4.2 Fighting
 + Level 3.5 Axes
 + Level 3.8 Armour
 + Level 3.8 Shields
 + Level 2.0 Invocations


You had 3 spell levels left.
You didn't know any spells.
Your spell library was empty.

Dungeon Overview and Level Annotations

Branches:
Dungeon (2/15)

Altars:

Annotations:
D:2 Jessica, Natasha


Message History

The cerulean imp hits you from afar with a +2 spear.
You closely miss Natasha.
Natasha is moderately wounded.
Natasha misses you.
Jessica gestures wildly while chanting.
Jessica seems to speed up.
The cerulean imp hits you but does no damage.
Natasha claws you but does no damage.
The cerulean imp hits you from afar with a +2 spear.
Cleave: a) +0 war axe
Press: ? - help, Dir - move target, f/p - Natasha
Aim: Natasha (moderately wounded, about 53% to evade your +0 war axe)
You closely miss Natasha.
Natasha is moderately wounded.
Natasha wildly gestures.
Natasha's front paws start to glow.
Natasha casts a spell at you. The magic dart hits you.
You block the cerulean imp's attack.
Cleave: a) +0 war axe
Press: ? - help, Dir - move target, f/p - Natasha
Aim: Natasha (moderately wounded, about 53% to evade your +0 war axe)
You closely miss Natasha.
Natasha is moderately wounded.
Jessica mumbles some strange words.
Jessica blinks!
Natasha mumbles some strange words.
The cerulean imp hits you from afar with a +2 spear.
Natasha claws you.
You aren't carrying any items that you can evoke.
You feel very mighty all of a sudden. The cerulean imp closely misses you.
Natasha claws you!
* * * LOW HITPOINT WARNING * * *
The cerulean imp hits you with a +0 spear.
* * * LOW HITPOINT WARNING * * *
Okay, then.
You barely miss Natasha.
Natasha is moderately wounded.
You completely miss the cerulean imp.
The cerulean imp hits you from afar with a +2 spear.
You die...

############
#.......@h5#
#......5##..ยง@..
#.##.##.# ###..
#.##..#.#
#.###.#.#
#.###.#.#
#.......#
#.......#
#####.###


You could see Natasha, 2 cerulean imps and Jessica (fast).

Vanquished Creatures
  Natasha (D:2)
  An adder (D:2)
  A worm (D:2)
  A dart slug (D:1)
  5 ball pythons
  6 bats
  4 endoplasms (D:2)
  2 giant cockroaches (D:2)
  3 goblins (D:2)
  4 hobgoblins
  A quokka (D:2)
  2 frilled lizards
  4 kobolds (D:1)
  4 rats (D:1)
39 creatures vanquished.

Notes
Turn   | Place    | Note
-------+----------+-------------------------------------------
     0 | D:1      | Graphine the Hill Orc Fighter began the quest for the Orb.
     0 | D:1      | Reached XP level 1. HP: 19/19 MP: 1/1
   196 | D:1      | Reached XP level 2. HP: 27/27 MP: 2/2
   523 | D:1      | Reached skill level 1 in Invocations
   993 | D:2      | Reached XP level 3. HP: 33/33 MP: 2/4
  1060 | D:2      | Reached skill level 4 in Fighting
  1243 | D:2      | Noticed Natasha
  1249 | D:2      | Killed Natasha
  1250 | D:2      | Reached XP level 4. HP: 32/40 MP: 5/5
  1771 | D:2      | Noticed Natasha
  1773 | D:2      | Noticed Jessica
  1781 | D:2      | HP: 2/40 [cerulean imp/+0 spear[Natasha] (4)]
  1782 | D:2      | Slain by a cerulean imp

Illustrated notes

Levels and vault maps discovered:
D:1:      dpeg_arrival_concentric_ovals, layout_loops_corners
D:2:      layout_loops_corners, uniq_natasha, uniq_jessica

Skill      XL: |  1  2  3  4 |
---------------+-------------+-----
Axes           | 3 |  3.5
Invocations    | 1 2 |  2.0
Fighting       | 4 |  4.2
Armour         | |  3.8
Shields        | |  3.8

Action                     |  1- 3 |  4- 6 || total
---------------------------+-------+-------++-------
  Melee: War axe           |    57 |    44 ||   101
  Throw: Boomerang         |    18 |    34 ||    52
    Use: Potion            |       |     1 ||     1
 Armour: Scale mail        |    22 |    26 ||    48
  Dodge: Dodged            |    28 |    41 ||    69
  Block: Buckler           |    10 |    13 ||    23
